 Dungeon Crawl Stone Soup version 0.24.0-123-gd5b16e6ec5 (webtiles) character file.

Game seed: 3615154851072791770, levelgen mode: deterministic

165 sagitran the Poker (level 5, -9/41 HPs)
             Began as a Merfolk Gladiator on Dec 24, 2019.
             Killed by divine providence
             ... invoked by an orc priest
              (13 damage)
             ... on level 3 of the Dungeon.
             The game lasted 00:05:49 (1606 turns).

sagitran the Poker (Merfolk Gladiator)              Turns: 1606, Time: 00:05:50

Health: -9/41      AC:  4    Str: 16    XL:     5   Next: 46%
Magic:  5/5        EV: 20    Int: 12    God:
Gold:   208        SH:  0    Dex: 20    Spells: 4/4 levels left

rFire    + . .     SeeInvis .   a - +0 trident
rCold    x . .     Gourm    .   (no shield)
rNeg     . . .     Faith    .   b - +0 leather armour
rPois    .         Spirit   .   c - +0 helmet
rElec    .         Reflect  .   (no cloak)
rCorr    .         Harm     .   (no gloves)
MR       .....                  (no boots)
Stlth    +++.......             (no amulet)
HPRegen  0.13/turn              i - ring of fire
MPRegen  0.09/turn              (no ring)

@: brilliant, agile
A: change form in water, swift swim, stealthy swim
a: no special abilities


You were on level 3 of the Dungeon.
You were not hungry.

You visited 1 branch of the dungeon, and saw 3 of its levels.

You collected 208 gold pieces.

Inventory:

Hand Weapons
 a - a +0 trident (weapon)
Missiles
 d - a throwing net (quivered)
Armour
 b - a +0 leather armour (worn)
 c - a +0 helmet (worn)
Jewellery
 i - a ring of fire (left hand)
Scrolls
 h - a scroll of identify
Comestibles
 f - 3 rations


   Skills:
 + Level 3.0 Fighting
 + Level 6.4 Polearms
 + Level 2.2 Throwing
 + Level 1.1 Armour
 + Level 5.1 Dodging
 + Level 0.8 Stealth


You had 4 spell levels left.
You didn't know any spells.
Your spell library was empty.

Dungeon Overview and Level Annotations

Branches:
Dungeon (3/15)

Altars:
Ru


Message History

You hear a shout!
The bat misses you.
Attack whom?
Press: ? - help, Dir - move target cursor, f - bat, p - orc priest
Aim: a bat
Okay, then.
You aren't carrying any potions.
Okay, then.
The bat misses you. The bat hits you but does no damage.
The bat completely misses you. The bat completely misses you.
The bat closely misses you. The bat completely misses you.
The bat completely misses you. The bat barely misses you.
There is a stone staircase leading up here.
The bat misses you.
The orc priest invokes the aid of Beogh against you.
Beogh smites you!
You die...

#o##o#..#.#... #
#o##.# .#....#.
#.##.# ......
.#####.##.##.#..)#
........(o....#...#
..###.###..####b..#
... #.........# .##
#o######..# ..
#...o.o.@.# #
########.## ..#
.... ######


You could see an orc priest, an orc wizard, an orc and a bat.

Vanquished Creatures
  Jessica (D:2)
  Natasha (thrice) (D:2)
  An adder (D:2)
  3 oozes (D:2)
  A worm (D:2)
  A dart slug (D:1)
  2 leopard geckos (D:1)
  A ball python (D:2)
  3 bats
  A giant cockroach (D:1)
  4 goblins (D:1)
  4 hobgoblins
  2 jackals (D:1)
  6 kobolds
  6 frilled lizards
  7 rats
  A fungus (D:2)
47 creatures vanquished.

Vanquished Creatures (others)
  3 toadstools (D:2)
3 creatures vanquished.

Grand Total: 50 creatures vanquished

Notes
Turn   | Place    | Note
-------+----------+-------------------------------------------
     0 | D:1      | sagitran the Merfolk Gladiator began the quest for the Orb.
     0 | D:1      | Reached XP level 1. HP: 16/16 MP: 1/1
    89 | D:1      | Reached XP level 2. HP: 10/22 MP: 2/2
   147 | D:1      | Reached skill level 5 in Polearms
   453 | D:1      | Reached XP level 3. HP: 18/27 MP: 3/3
   655 | D:2      | Noticed Natasha
   666 | D:2      | Killed Natasha
   666 | D:2      | Reached XP level 4. HP: 33/34 MP: 4/4
   815 | D:2      | Noticed Jessica
   826 | D:2      | Killed Jessica
   883 | D:2      | Noticed Natasha
   896 | D:2      | Reached skill level 5 in Dodging
   903 | D:2      | Killed Natasha
   903 | D:2      | Reached skill level 6 in Polearms
   903 | D:2      | Reached skill level 1 in Armour
   903 | D:2      | Reached XP level 5. HP: 9/40 MP: 5/5
  1176 | D:2      | Found a sacrificial altar of Ru.
  1363 | D:2      | Noticed Natasha
  1388 | D:2      | Killed Natasha
  1606 | D:3      | Killed from afar by an orc priest

Levels and vault maps discovered:
D:1:      evilmike_arrival_fibonacci_small, layout_basic
D:2:      layout_loops_ring, nicolae_ru_path_of_blood, first_ration,
          minmay_gold_behind_fungi, uniq_natasha, uniq_jessica
D:3:      layout_basic, fiery_altar_vehumet

Skill      XL: |  1  2  3  4  5 |
---------------+----------------+-----
Polearms       | 5 6 |  6.4
Dodging        | 5 |  5.1
Armour         | 1 |  1.1
Fighting       | 3 |  3.0
Throwing       | |  2.2
Stealth        | |  0.8

Action                   |  1- 3 |  4- 6 || total
-------------------------+-------+-------++-------
Melee: Trident           |   105 |    82 ||   187
Throw: Throwing net      |     1 |     3 ||     4
  Use: Potion            |       |     3 ||     3
       Scroll            |       |     1 ||     1
 Stab: Held in net/web   |     2 |       ||     2
       Sleeping          |       |     2 ||     2
  Eat: Ration            |       |     1 ||     1
       Chunk             |       |     1 ||     1
Armor: Leather armour    |    18 |    13 ||    31
Dodge: Dodged            |    59 |    60 ||   119
